 Dungeon Crawl Stone Soup version 0.23-a0-644-gb60d84b635 (webtiles) character file.

46 Mazzaar the Digger (level 3, 0/19 HPs)
             Began as a Gargoyle Earth Elementalist on Jan 2, 2019.
             Slain by a jackal (3 damage)
             ... on level 2 of the Dungeon.
             The game lasted 00:03:03 (1596 turns).

Mazzaar the Digger (Gargoyle Earth Elementalist)    Turns: 1596, Time: 00:03:04

Health: 0/19       AC:  5    Str: 11    XL:     3   Next: 68%
Magic:  7/7        EV: 12    Int: 16    God:
Gold:   49         SH:  0    Dex: 10    Spells: 3/7 levels left

rFire    . . .     SeeInvis .   m - +0 hand axe (elec)
rCold    . . .     Gourm    .   (no shield)
rNeg     + . .     Faith    .   c - +0 robe
rPois    ∞         Spirit   .   (no helmet)
rElec    +         Reflect  .   (no cloak)
rCorr    .         Harm     .   (no gloves)
MR       .....                  (no boots)
Stlth    ++........             (no amulet)
HPRegen  0.06/turn              (no ring)
MPRegen  0.10/turn              (no ring)

@: flying, hasted, very quick
A: negative energy resistance 1, electricity resistance, unbreathing,
petrification resistance, rot immunity, AC +3
a: no special abilities


You were on level 2 of the Dungeon.
You were not hungry.

You visited 1 branch of the dungeon, and saw 2 of its levels.

You collected 49 gold pieces.

Inventory:

Hand Weapons
 g - a +0 dagger
 l - a +0 spear
 m - a +0 hand axe of electrocution (weapon)
Missiles
 b - 78 stones (quivered)
Armour
 c - a +0 robe (worn)
Scrolls
 f - a scroll of teleportation {unknown}
 k - 2 scrolls of immolation {unknown}
Potions
 e - a potion of curing {unknown}
 h - a potion of magic {unknown}
 i - a potion of cancellation {unknown}
 j - a potion of flight
Comestibles
 d - a ration
 n - 4 chunks of flesh


   Skills:
 - Level 1.5 Dodging
 - Level 2.1 Stealth
 + Level 2.9 Spellcasting
 + Level 0.5 Conjurations
   Level 0.7 Transmutations
 + Level 4.6 Earth Magic


You had 3 spell levels left.
You knew the following spells:

 Your Spells              Type           Power        Failure   Level  Hunger
a - Sandblast             Erth           ###...       3%          1    #......
b - Stone Arrow           Conj/Erth      ##....       21%         3    ###....

Your spell library contained the following spells:

 Spells                   Type           Power        Failure   Level  Hunger
 Passwall                 Tmut/Erth      ##......     10%         2    ##.....
 Petrify                  Tmut/Erth      ##......     54%         4    #####..
 Lee's Rapid Deconstruct  Erth           ###.......   63%         5    ######.


Dungeon Overview and Level Annotations

Branches:
Dungeon (2/15)

Altars:


Innate Abilities, Weirdness & Mutations

You are resistant to torment.
Your stone body is resilient. (AC +3)
You are immune to poison.
You resist negative energy. (rN+)
You are resistant to electric shocks. (rElec)
You can survive without breathing.
You are immune to petrification.
You are immune to rotting.


Message History

You are too injured to fight recklessly!
Unknown command.
You are too injured to fight recklessly!
Unknown command.
It was a potion of flight.
You feel very buoyant.
You fly up into the air.
The jackal bites you but does no damage.
The adder bites you.
* * * LOW HITPOINT WARNING * * *
The jackal closely misses you.
The jackal bites you but does no damage.
The jackal closely misses you. The jackal completely misses you.
The adder misses you.
Okay, then.
It was a potion of haste.
You feel yourself speed up. The jackal closely misses you. x2
The jackal bites you but does no damage. x2
The jackal bites you.
You die...

....#.#........
...................?....
....#..#.......#........
....#..<....#...........
....#.......#..#........
............#..#........
................w.......
.....)........#hhh......
.....))..#....#.@h......
.........#...##.>S......
....)....#...##..#.####.
.........#.............
.........#..####....##.
......#................
......##....####.......
.............# .......#
............## .#......


You could see a worm, an adder and 4 jackals.

Vanquished Creatures
  A gnoll (D:1)
  A worm (D:2)
  A leopard gecko (D:2)
  3 goblins
  5 hobgoblins
  9 jackals (D:1)
  A ball python (D:1)
  3 bats (D:1)
  A frilled lizard (D:1)
  3 kobolds
  2 rats (D:1)
30 creatures vanquished.

Notes
Turn   | Place    | Note
-------+----------+-------------------------------------------
     0 | D:1      | Mazzaar the Gargoyle Earth Elementalist began the quest for
                  | the Orb.
     0 | D:1      | Reached XP level 1. HP: 10/10 MP: 3/3
   457 | D:1      | Reached XP level 2. HP: 11/15 MP: 5/5
   686 | D:1      | Reached skill level 4 in Earth Magic
   787 | D:1      | Reached XP level 3. HP: 19/19 MP: 6/6
  1040 | D:1      | Learned a level 3 spell: Stone Arrow
  1596 | D:2      | Slain by a jackal

Vault maps used:
D:1:      onia_arrival_mini_maze_b
D:2:      kennysheep_crisscross, minmay_unequal

Skill      XL: |  1  2 |
---------------+-------+-----
Earth Magic    | 4 |  4.6
Dodging        | |  1.5
Stealth        | |  2.1
Spellcasting   | |  2.9
Conjurations   | |  0.5
Transmutations | |  0.7

Action                   || total
-------------------------++-------
Melee: Dagger            ||    33
       Unarmed           ||     2
       Hand axe          ||    55
       Spear             ||     5
 Cast: Sandblast         ||     6
  Use: Potion            ||     3
  Eat: Chunk             ||     2
Armor: Robe              ||    60
Dodge: Dodged            ||   126

Table legend:
 A = Non-vault XP
 B = Vault XP
 C = Vault XP percentage of total XP
 D = Non-vault monster count
 E = Vault monster count
 F = Vault count percentage of total count
                 A         B        C        D         E       F
            +---------+---------+-------+---------+---------+-------
      Total |      67 |       0 |   0.0 |      30 |       0 |   0.0
            +---------+---------+-------+---------+---------+-------
        D:1 |      53 |       0 |   0.0 |      24 |       0 |   0.0
        D:2 |      14 |       0 |   0.0 |       6 |       0 |   0.0
            +---------+---------+-------+---------+---------+-------
